 Dungeon Crawl Stone Soup version 0.26.1-11-gd32895ea62 (webtiles) character file.

Game seed: 5298007689208564931

1799 ABBCCCDDDD the Reanimator (level 8, -3/58 HPs)
             Began as a Mummy Necromancer on July 22, 2021.
             Was an Initiate of Gozag.
             Slain by an orc warrior
             ... wielding a +0 mace
              (17 damage)
             ... on level 6 of the Dungeon.
             The game lasted 00:24:32 (10199 turns).

ABBCCCDDDD the Reanimator (Mummy Necromancer)      Turns: 10199, Time: 00:24:33

Health: -3/58      AC:  7    Str: 13    XL:     8   Next: 83%
Magic:  18/18      EV:  8    Int: 14    God:    Gozag
Gold:   344        SH:  9    Dex: 13    Spells: 16/21 levels left

rFire    . . .     SeeInvis .   t - +0 spear (pain)
rCold    + + .     Faith    .   f - +0 kite shield
rNeg     + + +     Spirit   .   c - +0 ring mail
rPois    ∞         Reflect  .   i - +0 helmet
rElec    +         Harm     .   (no cloak)
rCorr    +         Rampage  .   q - +0 pair of gloves
Will     +....                  (no boots)
Stlth    +.........             s - amulet of magic regeneration
HPRegen  0.19/turn              (no ring)
MPRegen  0.41/turn              (no ring)

@: mighty, about to teleport, resistant
A: no potions, fire vulnerability, cold resistance 1, negative energy resistance
3, torment resistance, unbreathing
a: Renounce Religion, Potion Petition, Call Merchant, Bribe Branch


You were on level 6 of the Dungeon.
You worshipped Gozag.
Gozag was aware of your devotion.
You visited 1 branch of the dungeon, and saw 7 of its levels.

You collected 814 gold pieces.
You paid 470 gold pieces to Gozag.

Inventory:

Hand Weapons
 d - a +0 dagger
 g - a +0 hand axe
 n - a +2 dagger of venom
 t - a +0 spear of pain (weapon)
Missiles
 u - 19 poisoned darts
Armour
 c - a +0 ring mail (worn)
 e - a +0 plate armour
 f - a +0 kite shield (worn)
 i - a +0 helmet (worn)
 q - a +0 pair of gloves (worn)
Jewellery
 s - an amulet of magic regeneration (around neck)
Wands
 r - a wand of paralysis (5)
Scrolls
 a - 2 scrolls of fog
 b - 2 scrolls of teleportation
 j - 2 scrolls of immolation
 k - a scroll of enchant armour
 l - a scroll of amnesia {unknown}
 m - 4 scrolls of enchant weapon
 o - a scroll of brand weapon {unknown}
 p - 3 scrolls of remove curse {unknown}
 v - a scroll of random uselessness {unknown}


   Skills:
 - Level 3.0 Fighting
 - Level 0.2(0.8) Axes
 + Level 1.2(1.3) Polearms
 - Level 0.6 Armour
 - Level 1.5 Dodging
 - Level 1.5 Stealth
 + Level 4.9 Shields
 - Level 7.0 Spellcasting
 - Level 8.0 Necromancy
 - Level 0.3 Evocations


You had 16 spell levels left.
You knew the following spells:

 Your Spells              Type           Power        Failure   Level
a - Pain                  Necr           100%         4%          1
b - Animate Skeleton      Necr           54%          4%          1
c - Vampiric Draining     Necr           13%          13%         3

Your spell library contained the following spells:

 Spells                   Type           Power        Failure   Level
 Animate Dead             Necr           13%          38%         4
 Corona                   Hex            4%           75%         1
 Agony                    Necr           27%          75%         5
 Ensorcelled Hibernation  Hex/Ice        8%           86%         2
 Confusing Touch          Hex            4%           98%         3
 Dazzling Flash           Conj/Hex       8%           98%         3
 Tukima's Dance           Hex            4%           98%         3


Dungeon Overview and Level Annotations

Branches:
Dungeon (7/15)             Temple (0/1) D:4

Altars:
Elyvilon
Gozag
Okawaru
Sif Muna
Vehumet
Wu Jian
Zin

Annotations:
D:2 2 transporters
D:5 Pikel
D:6 Crazy Yiuf, Maggie


Innate Abilities, Weirdness & Mutations

You do not drink.
Your flesh is vulnerable to fire.
You are immune to poison.
Your flesh is cold resistant. (rC+)
You are immune to negative energy. (rN+++)
You are immune to unholy pain and torment.
You can survive without breathing.


Message History

You feel protected.
You feel very mighty all of a sudden.
You feel much better.
The orc warrior hits you with a +0 mace.
You closely miss the orc warrior.
The orc warrior is moderately wounded.
The orc warrior barely misses you.
You closely miss the orc warrior.
The orc warrior is moderately wounded.
The orc warrior hits you with a +0 mace!
You closely miss the orc warrior.
The orc warrior is moderately wounded.
The orc warrior hits you with a +0 mace!
As you read the scroll of teleportation, it crumbles to dust.
You feel strangely unstable.
The orc warrior hits you with a +0 mace.
* * * LOW HITPOINT WARNING * * *
You block the orc warrior's attack.
The orc warrior hits you with a +0 mace!
You die...
Your body crumbles into a pile of gold.

###.....##
.≈≈≈.≈≈..#
#≈≈....≈.#
≈≈.≈≈≈...##
...≈.##...#
..≈≈≈≈..#.#
≈≈.#♣.≈≈#.# ###
....≈..≈..#####≈###
≈≈..≈........≈.≈@>#
≈♣.≈≈≈≈≈###....≈#o#
.≈.≈.≈≈## #...≈≈#.#
...##### ##...≈#.#
#### ##..≈#.#
###≈#.# ###.#
##.#######
#........#


You could see an orc warrior.

Vanquished Creatures
  Eustachio (D:6)
  An ice beast (D:4)
  A necrophage (D:6)
  A phantom (D:6)
  An ogre (D:5)
  2 centaurs
  4 lemures (D:5)
  A big kobold (D:6)
  5 bullfrogs
  A scorpion (D:4)
  A howler monkey (D:6)
  A centaur zombie (D:6)
  A hound (D:4)
  2 orc priests (D:4)
  A centaur skeleton (D:5)
  A jelly (D:6)
  4 orc wizards
  4 worker ants
  2 hound skeletons
  4 gnolls (D:6)
  7 adders
  2 shadow imps
  2 white imps
  3 oozes
  2 adder skeletons
  2 worms
  2 dart slugs
  6 leopard geckos
  13 orcs
  9 bats
  5 giant cockroaches
  9 hobgoblins
  12 jackals
  3 kobolds
  3 quokkas
  5 ball pythons
  4 frilled lizards
  11 goblins
  A leopard gecko skeleton (D:5)
  A leopard gecko zombie (D:5)
  6 rats
147 creatures vanquished.

Notes
Turn   | Place    | Note
-------+----------+-------------------------------------------
     0 | D:1      | ABBCCCDDDD the Mummy Necromancer began the quest for the
                  | Orb.
     0 | D:1      | Reached XP level 1. HP: 13/13 MP: 4/4
   379 | D:1      | Reached XP level 2. HP: 20/20 MP: 3/5
   960 | D:1      | Reached skill level 1 in Fighting
  1433 | D:2      | Reached XP level 3. HP: 26/26 MP: 4/7
  1509 | D:2      | Found a transporter.
  1541 | D:2      | Found a transporter.
  1542 | D:2      | Noticed an orc warrior
  1550 | D:2      | Found an iron altar of Okawaru.
  1785 | D:2      | Learned a level 1 spell: Animate Skeleton
  2355 | D:2      | Found a glowing silver altar of Zin.
  2600 | D:3      | Found a white marble altar of Elyvilon.
  2681 | D:3      | Reached XP level 4. HP: 32/32 MP: 5/9
  2817 | D:3      | Found a radiant altar of Vehumet.
  2959 | D:3      | Found an opulent altar of Gozag.
  2967 | D:3      | Became a worshipper of Gozag Ym Sagoz the Greedy
  3531 | D:4      | Reached skill level 5 in Necromancy
  3651 | D:4      | Reached XP level 5. HP: 38/38 MP: 11/11
  4800 | D:4      | Reached skill level 5 in Spellcasting
  4800 | D:4      | Reached XP level 6. HP: 31/44 MP: 10/13
  4943 | D:4      | Found a staircase to the Ecumenical Temple.
  5159 | D:4      | Found a shimmering blue altar of Sif Muna.
  5233 | D:4      | Reached skill level 6 in Necromancy
  5327 | D:5      | Entered Level 5 of the Dungeon
  5672 | D:5      | Noticed an ice beast
  5744 | D:4      | Killed an ice beast
  5887 | D:5      | Noticed Pikel
  5969 | D:5      | Reached XP level 7. HP: 50/50 MP: 16/16
  6453 | D:5      | Learned a level 3 spell: Vampiric Draining
  7092 | D:5      | Found an ornate altar of the Wu Jian Council.
  7447 | D:6      | Noticed Eustachio
  7464 | D:6      | Killed Eustachio
  7465 | D:6      | Reached skill level 1 in Shields
  7465 | D:6      | Reached skill level 7 in Necromancy
  7538 | D:6      | Reached XP level 8. HP: 56/58 MP: 10/18
  8166 | D:6      | Reached skill level 8 in Necromancy
  9135 | D:6      | Noticed Maggie
  9594 | D:6      | Reached skill level 1 in Polearms
  9662 | D:6      | Found a runed translucent door.
  9663 | D:6      | Noticed Crazy Yiuf
 10199 | D:6      | Slain by an orc warrior

Illustrated notes

Levels and vault maps discovered:
D:1:      dpeg_arrival_circle_labyrinth_c, layout_basic, nrook_uturn
D:2:      layout_basic, gammafunk_temple_overflow_arena, zin_scriptorium,
          grunt_decor_fettered
D:3:      layout_loops_cross, nicolae_gozag_cash_rules_everything_around_me,
          elyvilon_altar_1, marbit_many_paths, grunt_ministairs_1,
          serial_bayou_pond_d
D:4:      layout_rooms, lemuel_blue_sif_altar, temple_pool_b
D:5:      layout_loops_ring, nzn_wu_jian_council_hall,
          hangedman_abyss_or_decor_slice, uniq_pikel
D:6:      minmay_angry_zag, layout_basic, serial_rivers,
          chequers_serial_rivers_marsh, chequers_serial_rivers_micro_b,
          chequers_serial_rivers_small_b, chequers_serial_rivers_micro_a,
          chequers_serial_rivers_room_b, chequers_serial_rivers_micro_e,
          minmay_diced_spiral, uniq_maggie, uniq_eustachio,
          uniq_crazy_yiuf_cottage
D:7:      layout_loops_ring, xom_butterflies, uniq_duvessa

Skill      XL: |  1  2  3  4  5  6  7  8 |
---------------+-------------------------+-----
Spellcasting   | 3 4 5 6 7 |  7.0
Fighting       | 1 2 3 |  3.0
Necromancy     | 5 6 7 8 |  8.0
Shields        | 1 4 |  4.9
Polearms       | 1 |  1.2
Axes           | |  0.2
Armour         | |  0.6
Dodging        | |  1.5
Stealth        | |  1.5
Evocations     | |  0.3

Action                   |  1- 3 |  4- 6 |  7- 9 || total
-------------------------+-------+-------+-------++-------
Melee: Hand axe          |     7 |       |       ||     7
       Dagger            |     7 |   132 |   283 ||   422
       Spear             |       |       |    55 ||    55
 Cast: Pain              |    77 |    63 |    41 ||   181
       Animate Skeleton  |     3 |       |       ||     3
Invok: Potion Petition   |       |       |     1 ||     1
Evoke: Wand              |       |       |     1 ||     1
  Use: Scroll            |       |     2 |     6 ||     8
 Stab: Paralysed         |       |       |     4 ||     4
Armor: Ring mail         |    14 |    58 |   107 ||   179
Dodge: Dodged            |    12 |    82 |   115 ||   209
Block: Kite shield       |       |       |    50 ||    50
